 Dungeon Crawl Stone Soup version 0.28-a0-429-g1448048969 (webtiles) character file.

Game seed: 12418640729185002654

319 Shayle the Insei (level 6, -1/46 HPs)
             Began as a Djinni Warper on Sept 12, 2021.
             Slain by an iguana (9 damage)
             ... on level 5 of the Dungeon.
             The game lasted 00:09:26 (4578 turns).

Shayle the Insei (Djinni Warper)                    Turns: 4578, Time: 00:09:27

Health: -1/46      AC:  4    Str: 10    XL:     6   Next: 74%
Gold:   178        EV: 11    Int: 17    God:
                   SH:  0    Dex: 12

rFire   + + .      SeeInvis .   o - +3 hand axe
rCold   x . .      Faith    .   (no shield)
rNeg    . . .      Spirit   .   a - +0 leather armour
rPois   ∞          Reflect  .   k - +0 helmet
rElec   .          Harm     .   (no cloak)
rCorr   .          Rampage  .   (no gloves)
Will    .....                   (boots unavailable)
Stlth   +.........              (no amulet)
HPRegen 0.15/turn               (no ring)
MPRegen 0.00/turn               (no ring)

@: flying
A: sickness immunity, fire resistance 2, cold vulnerability 1, float, innate
caster, hp casting, extra vitality 1
a: no special abilities


You were on level 5 of the Dungeon.
You visited 1 branch of the dungeon, and saw 5 of its levels.

You collected 178 gold pieces.

Inventory:

Hand Weapons
 o - a +3 hand axe (weapon)
Missiles
 e - 15 boomerangs (quivered)
Armour
 a - a +0 leather armour (worn)
 k - a +0 helmet (worn)
Jewellery
 m - a ring of resist corrosion
 p - a ring of protection from fire
Scrolls
 b - 5 scrolls of blinking
 d - a scroll of amnesia {unknown}
 f - a scroll of fog {unknown}
 i - a scroll of immolation {unknown}
 j - a scroll of torment {unknown}
 l - a scroll of vulnerability {unknown}
 n - 2 scrolls of identify
Potions
 c - a potion of brilliance
 g - a potion of resistance
 h - 2 potions of flight


   Skills:
 + Level 3.6 Fighting
 - Level 0.7 Throwing
 - Level 1.0 Armour
 - Level 2.1 Dodging
 * Level 4.9 Unarmed Combat
 + Level 3.4 Spellcasting


You couldn't memorise any spells.
You knew the following spells:

 Your Spells              Type           Power      Damage    Failure   Level
a - Blink                 Tloc           N/A        N/A       9%          2
b - Lesser Beckoning      Tloc           14%        N/A       17%         3
c - Gell's Gravitas       Tloc           7%         N/A       17%         3
d - Teleport Other        Tloc           14%        N/A       17%         3
e - Manifold Assault      Tloc           14%        N/A       83%         5
f - Pain                  Necr           56%        1d6       5%          1
g - Wereblood             Tmut           14%        N/A       9%          2
Your spell library was empty.

Dungeon Overview and Level Annotations

Branches:
Dungeon (5/15)
 Temple: D:4-7

Altars:
Nemelex Xobeh
Trog

Shops:
D:1 *![:(

Annotations:
D:4 2 transporters, CraigForest's ghost, weakling OgHu


Innate Abilities, Weirdness & Mutations

You are immune to sickness and miasma.
You are immune to poison.
Your flesh is very heat resistant. (rF++)
You are vulnerable to cold. (rC-)
You float through the air rather than walking.
You learn spells naturally, not from books.
Your magical power is your life essence.
You have superior vitality. (+4 HP)


Message History

You barely miss the hound. The hound barely misses you.
The hound closely misses you.
You barely miss the hound.
The hound is severely wounded.
The hound bites you. The hound bites you but does no damage.
You hit the hound but do no damage.
The hound is severely wounded.
The hound bites you but does no damage. The hound completely misses you.
You hit the hound.
The hound is almost dead.
The hound bites you. The hound closely misses you.
You hit the hound.
You kill the hound!
You start resting.
An iguana comes into view.
The iguana hisses angrily.
Found a scroll labelled IRUCICOHEI.
An iguana is nearby!
Throw: 15 boomerangs
Press: ? - help, Q - select action, (/) - cycle Shift-Dir - straight line, f - iguana
Aim: an iguana (61% to hit)
You throw a boomerang.
The boomerang hits the iguana but does no damage.
Throw: 15 boomerangs
Press: ? - help, Q - select action, (/) - cycle Shift-Dir - straight line, f/p - iguana
Aim: an iguana (61% to hit)
You throw a boomerang.
The boomerang closely misses the iguana.
Throw: 15 boomerangs
Press: ? - help, Q - select action, (/) - cycle Shift-Dir - straight line, f/p - iguana
Aim: an iguana (61% to hit)
You throw a boomerang. The boomerang barely misses the iguana.
You barely miss the iguana. You punch the iguana.
The iguana is heavily wounded.
The iguana closely misses you. The iguana bites you!
* * * LOW HITPOINT WARNING * * *
You slash the iguana! You punch the iguana.
The iguana is almost dead.
The iguana bites you!
You die...

#.....# #.....#
#.#.....#
.#.#.#.....#
...#.#.....###+####
..#.#..........?..
..#.#.............
#.#.#....l@.......
#.#.#.#######+####
#.#l.........
#..##.#######
#..<......#
#...#.###.# #.#.#.#
#.#.... #......


You could see an iguana.

Vanquished Creatures
  A scorpion (D:4)
  A hound (D:5)
  Terence (D:3)
  Jessica (D:3)
  An iguana (D:4)
  Robin (D:3)
  6 adders
  An ufetubus (D:5)
  2 worms (D:2)
  6 dart slugs
  An orc (D:3)
  8 ball pythons
  3 bats
  A giant cockroach (D:1)
  13 goblins
  7 hobgoblins
  4 jackals
  A quokka (D:2)
  4 frilled lizards
  6 kobolds
  A rat (D:3)
70 creatures vanquished.

Vanquished Creatures (others)
  2 plants (D:4)
2 creatures vanquished.

Grand Total: 72 creatures vanquished

Notes
Turn   | Place    | Note
-------+----------+-------------------------------------------
     0 | D:1      | Shayle the Djinni Warper began the quest for the Orb.
     0 | D:1      | Reached XP level 1. HP: 18/18 MP: 0/0
    17 | D:1      | Found Ixoamuiw's Distillery.
    25 | D:1      | Found Haohug's General Store.
   157 | D:1      | Reached XP level 2. HP: 13/23 MP: 0/0
   608 | D:1      | Found Zyshijuf's Armour Shoppe.
   714 | D:1      | Found Deataipyno's Book Shoppe.
   719 | D:1      | Found Gybit's Antique Weapon Emporium.
   838 | D:2      | Found a faded altar of an unknown god.
  1177 | D:2      | Reached XP level 3. HP: 29/29 MP: 0/0
  1177 | D:2      | Learned a level 1 spell: Pain
  1893 | D:2      | Reached skill level 3 in Unarmed Combat
  2394 | D:3      | Reached XP level 4. HP: 25/34 MP: 0/0
  2976 | D:3      | Noticed Terence
  2999 | D:3      | Killed Terence
  3000 | D:3      | Reached XP level 5. HP: 37/40 MP: 0/0
  3000 | D:3      | Learned a level 2 spell: Wereblood
  3062 | D:3      | Noticed Robin
  3072 | D:3      | Killed Robin
  3233 | D:3      | Noticed Jessica
  3246 | D:3      | Killed Jessica
  3247 | D:3      | Reached skill level 4 in Unarmed Combat
  3413 | D:4      | Noticed CraigForest's ghost (weakling OgHu)
  3430 | D:4      | Reached XP level 6. HP: 22/46 MP: 0/0
  3753 | D:4      | Found a transporter.
  3830 | D:4      | Found a transporter.
  4165 | D:4      | Found a sparkling altar of Nemelex Xobeh.
  4165 | D:4      | Found a bloodstained altar of Trog.
  4548 | D:5      | Entered Level 5 of the Dungeon
  4578 | D:5      | Slain by an iguana

Illustrated notes

Levels and vault maps discovered:
D:1:      wander_arrival_chamber, layout_rooms, serial_shops, shop_statue,
          nicolae_shop_stone, shop, shop, nicolae_shop_behind_doors
D:2:      layout_loops_cross, chequers_ecumenical_altar_grove
D:3:      layout_basic, uniq_jessica, uniq_robin, uniq_terence
D:4:      layout_basic, mainiacjoe_overflow_large_starburst,
          gammafunk_ghost_arena, serial_bayou, serial_bayou_crossing,
          serial_bayou_pond_d, serial_bayou_pond_d, serial_bayou_lake_a
D:5:      layout_basic, uniq_ijyb

Skill      XL: |  1  2  3  4  5 |
---------------+----------------+-----
Unarmed Combat | 3 4 |  4.9
Spellcasting   | 3 |  3.4
Fighting       | 3 |  3.6
Throwing       | |  0.7
Armour         | |  1.0
Dodging        | |  2.1

Action                   |  1- 3 |  4- 6 || total
-------------------------+-------+-------++-------
Melee: Unarmed           |   124 |    19 ||   143
       Punch             |     1 |     3 ||     4
       Hand axe          |       |   125 ||   125
Throw: Boomerang         |     5 |     4 ||     9
 Cast: Pain              |     8 |       ||     8
       Wereblood         |       |     7 ||     7
  Use: Scroll            |     2 |       ||     2
       Potion            |       |     4 ||     4
 Stab: Sleeping          |     1 |       ||     1
Armor: Leather armour    |    29 |    50 ||    79
Dodge: Dodged            |    59 |   113 ||   172

Table legend: (Time is in decaauts)
 A = Elapsed time spent in this place.
 B = Non-inter-level travel time spent in this place.
 C = Inter-level travel time spent in this place.
 D = Time resting spent in this place.
 E = Time spent auto-exploring this place.
 F = Levels seen in this place.
 G = Mean time per level.
                   A        B        C        D        E       F      G
               +--------+--------+--------+--------+--------+-----+--------+
         Total |   4591 |   4509 |     82 |    603 |   3111 |   5 |  918.2 |
       Dungeon |   4591 |   4509 |     82 |    603 |   3111 |   5 |  918.2 |
               +--------+--------+--------+--------+--------+-----+--------+

Top non-repeatable levels by time:
     D:3: 1281 daAuts
     D:4: 1152 daAuts
     D:2: 1136 daAuts
     D:1: 987 daAuts
     D:5: 34 daAuts
